 Dungeon Crawl Stone Soup version 0.28.0-43-g3370ac3207 (webtiles) character file.

Game seed: 14872295893866367996

207 issech the Cudgeller (level 5, 0/53 HPs)
             Began as a Troll Monk on Mar 24, 2022.
             Succumbed to an orc priest's poison
             ... on level 4 of the Dungeon.
             The game lasted 00:11:37 (2709 turns).

issech the Cudgeller (Troll Monk)                   Turns: 2709, Time: 00:11:37

Health: 0/53       AC:  4    Str: 19    XL:     5   Next: 54%
Magic:  4/4        EV: 11    Int:  6    God:
Gold:   175        SH:  0    Dex: 14    Spells: 4/4 levels left

rFire   . . .      SeeInvis .   a - +0 mace
rCold   . . .      Faith    .   (no shield)
rNeg    . . .      Spirit   .   b - +0 robe
rPois   .          Reflect  .   p - +0 hat
rElec   .          Harm     .   (no cloak)
rCorr   .          Rampage  .   (gloves unavailable)
Will    .....                   (boots unavailable)
Stlth   ++........              (no amulet)
HPRegen 0.97/turn               (no ring)
MPRegen 0.09/turn               (no ring)

@: lethally poisoned (0 -> -4)
A: large, unfitting armour, claws 3, regeneration 1, shaggy fur 1, tough skin 1
a: no special abilities


You were on level 4 of the Dungeon.
You visited 1 branch of the dungeon, and saw 4 of its levels.

You collected 175 gold pieces.

Inventory:

Hand Weapons
 a - a +0 mace (weapon)
 i - a +2 dagger of venom
Missiles
 f - 99 stones (quivered)
 g - 34 arrows
 l - 5 silver javelins
 m - 9 poisoned darts
 o - a boomerang
 w - 24 bolts
 z - a throwing net
Armour
 b - a +0 robe (worn)
 p - a +0 hat (worn)
Jewellery
 t - a ring of resist corrosion
Scrolls
 c - a scroll of fog {unknown}
 k - 2 scrolls of identify {unknown}
 q - 2 scrolls of teleportation {unknown}
 s - a scroll of enchant weapon {unknown}
 u - a scroll of brand weapon {unknown}
 x - 2 scrolls of enchant armour {unknown}
 y - a scroll of amnesia {unknown}
Potions
 d - 2 potions of curing {unknown}
 e - a potion of invisibility {unknown}
 h - a potion of ambrosia {unknown}
 j - a potion of cancellation {unknown}
 n - a potion of brilliance {unknown}
 r - a potion of heal wounds {unknown}
 v - a potion of lignification {unknown}
 A - 2 potions of resistance {unknown}


   Skills:
 + Level 3.2 Fighting
 + Level 4.3 Maces & Flails
 + Level 3.3 Dodging
 + Level 1.3 Stealth


You had 4 spell levels left.
You didn't know any spells.
Your spell library contained the following spells:

 Spells                   Type           Power      Damage    Failure   Level
 Shock                    Conj/Air       0%         1d3       45%         1
 Sublimation of Blood     Necr           0%         N/A       58%         2
 Wereblood                Tmut           0%         N/A       58%         2
 Iskenderun's Mystic Bla  Conj/Tloc      0%         2d3       99%         4
 Summon Ice Beast         Ice/Summ       0%         N/A       99%         4
 Summon Hydra             Summ           0%         N/A       100%        7
 Polar Vortex             Ice            0%         N/A       100%        9


Dungeon Overview and Level Annotations

Branches:
Dungeon (4/15)
 Temple: D:4-7

Altars:
Qazlal


Innate Abilities, Weirdness & Mutations

You are too large for most types of armour.
You have claws for hands.
Your natural rate of healing is unusually fast.
You are covered in fur. (AC +1)
You have tough skin. (AC +1)


Message History

The orc wizard flickers and vanishes!
Deactivating autopickup; reactivate with Ctrl-A.
You hear an angry hiss.
You hit the orc priest.
The orc priest is lightly wounded.
The orc priest calls down the wrath of Beogh upon you.
Pain shoots through your body!
The orc priest mumbles some strange prayers to Beogh against you.
Beogh smites you!
You completely miss the orc priest.
The orc priest is lightly wounded.
The orc priest closely misses you.
You hit the orc priest.
The orc priest is moderately wounded.
The orc priest barely misses you.
You barely miss the orc priest.
The orc priest is moderately wounded.
The orc priest hits you but does no damage.
You are poisoned.
You hit the orc priest.
The orc priest is heavily wounded.
You feel very sick.
The orc priest hits you with a +1 whip of venom.
You are more poisoned.
You closely miss the orc priest.
The orc priest is heavily wounded.
You feel very sick.
The orc priest hits you with a +1 whip of venom.
You closely miss the orc priest.
The orc priest is heavily wounded.
You feel very sick.
The orc priest hits you with a +1 whip of venom.
You are more poisoned.
You feel very sick.
You feel very sick.
You feel very sick.
The orc priest invokes the aid of Beogh against you.
Beogh smites you!
* * * LOW HITPOINT WARNING * * *
You die...

#.≈..≈### #
#.≈..≈≈≈ ..
#.≈...###.##
#.≈.........
#o≈o...# #o≈.#...#
#.≈o#.o.#
#.≈.###.#
#.≈.###@## #..#
..≈.#....# #..#
≈≈≈≈.#.#### #..#
......#.####.##..#
#......##..#
#..######..# #..#
#..# ##.######..#
#.........#


You could see an orc priest and an orc.

Vanquished Creatures
  A hound skeleton (D:4)
  4 gnolls (D:4)
  8 adders
  4 dart slugs
  3 orcs (D:2)
  9 ball pythons
  6 endoplasms
  3 giant cockroaches
  6 goblins
  7 hobgoblins
  2 jackals (D:3)
  7 kobolds
  4 quokkas
  2 bats (D:1)
  4 frilled lizards
  3 rats
73 creatures vanquished.

Notes
Turn   | Place    | Note
-------+----------+-------------------------------------------
     0 | D:1      | issech the Troll Monk began the quest for the Orb.
     0 | D:1      | Reached XP level 1. HP: 22/22 MP: 0/0
    38 | D:1      | Got Sif Muna's Handbook of Freezing Confrontation
    77 | D:1      | Reached skill level 3 in Maces & Flails
    77 | D:1      | Reached XP level 2. HP: 29/29 MP: 1/1
   175 | D:1      | Found a faded altar of an unknown god.
   402 | D:1      | Reached XP level 3. HP: 36/36 MP: 2/2
   558 | D:1      | Found a stormy altar of Qazlal.
   865 | D:2      | Reached XP level 4. HP: 42/44 MP: 3/3
  1607 | D:3      | Reached skill level 4 in Maces & Flails
  1681 | D:3      | Noticed a black bear
  2046 | D:3      | Reached XP level 5. HP: 48/53 MP: 4/4
  2708 | D:4      | HP: 2/53 [orc priest/divine providence (9)]
  2709 | D:4      | Succumbed to an orc priest's poison

Illustrated notes

Levels and vault maps discovered:
D:1:      dpeg_arrival_water_altar, layout_basic, basic_ecumenical_altar,
          minmay_heptomino_o4
D:2:      layout_loops_ring, st_stairs_4, roderic_roman_lattice, minivault_11,
          minmay_misc_feat_pillars, minmay_misc_feat_roman,
          guppyfry_early_orc_mine
D:3:      layout_loops_ring, uniq_crazy_yiuf_cottage
D:4:      black_bear_nest_1, layout_basic, kennysheep_mini_moat,
          nicolae_overflow_squiral, nrook_uturn, grunt_ministairs_3

Skill      XL: |  1  2  3  4 |
---------------+-------------+-----
Maces & Flails | 3 4 |  4.3
Dodging        | 3 |  3.3
Fighting       | 3 |  3.2
Stealth        | |  1.3

Action                   |  1- 3 |  4- 6 || total
-------------------------+-------+-------++-------
Melee: Mace              |   106 |   156 ||   262
       Punch             |     5 |     1 ||     6
 Stab: Sleeping          |     4 |     1 ||     5
Armor: Robe              |    39 |    67 ||   106
Dodge: Dodged            |    56 |   105 ||   161
